 Dungeon Crawl Stone Soup version 0.26-a0-835-g8259106e14 (webtiles) character file.

Game seed: 8737123809102853760

1539 lunkers the Frost Mage (level 8, -3/51 (52) HPs)
             Began as a Vampire Ice Elementalist on Nov 17, 2020.
             Was an Initiate of Kikubaaqudgha.
             Shot with an arrow by a centaur (12 damage)
             ... on level 7 of the Dungeon.
             The game lasted 00:12:36 (5488 turns).

lunkers the Frost Mage (Vampire Ice Elementalist)   Turns: 5488, Time: 00:12:36

HP:   -3/51 (52)    AC:  3    Str: 13    XL:     8   Next: 56%
MP:   7/16          EV: 12    Int: 20    God:    Kikubaaqudgha [......]
Gold: 211           SH:  0    Dex: 14    Spells: 7/18 levels left

rFire    . . .     SeeInvis +   g - -2 hand axe (curse)
rCold    . . .     Faith    .   (no shield)
rNeg     . . .     Spirit   .   x - +1 robe "Bees" {rPois MR+} (curse)
rPois    +         Reflect  .   t - +0 hat
rElec    .         Harm     .   (no cloak)
rCorr    .         Rampage  .   (no gloves)
MR       ++...                  (no boots)
Stlth    ++........             B - amulet of magic regeneration
HPRegen  0.37/turn              r - +6 ring of strength
MPRegen  0.40/turn              D - ring of protection from magic (curse)

@: regenerating quickly
A: fangs 3, see invisible, unbreathing
a: Exsanguinate, Renounce Religion


You were on level 7 of the Dungeon.
You worshipped Kikubaaqudgha.
Kikubaaqudgha was noncommittal.
You visited 1 branch of the dungeon, and saw 7 of its levels.

You collected 364 gold pieces.
You spent 153 gold pieces at shops.

Inventory:

Hand Weapons
 g - a cursed -2 hand axe (weapon)
 n - a +0 whip of draining
 w - a cursed +3 long sword
 E - the +1 mace of Beogh's Hatred {flame, rF+ Str+3, unknown}
   (You found it on level 7 of the Dungeon)

   It has been specially enchanted to burn those struck by it, causing extra
   injury to most foes and up to half again as much damage against particularly
   susceptible opponents.
   It affects your strength (+3).
   It protects you from fire.
Armour
 a - a +1 robe
 t - a +0 hat (worn)
 x - the cursed +1 robe "Bees" (worn) {rPois MR+}
   (You bought it in a shop on level 5 of the Dungeon)

   It protects you from poison.
   It affects your resistance to hostile enchantments.
   It has a curse placed upon it.
 y - a +2 robe of magic resistance
Jewellery
 p - an uncursed amulet of regeneration
 r - a +6 ring of strength (left hand)
 B - an amulet of magic regeneration (around neck)
 D - a cursed ring of protection from magic (right hand)
Wands
 q - a wand of paralysis (6)
 v - a wand of acid (6)
Scrolls
 k - a scroll of enchant armour
 m - a scroll of enchant weapon
 o - 5 scrolls of teleportation
Potions
 b - 5 potions of curing
 c - a potion of invisibility
 d - a potion of attraction
 e - 4 potions of lignification
 f - a potion of brilliance
 h - 2 potions of flight
 i - a potion of might
 j - 3 potions of haste
 l - a potion of magic
 s - a potion of resistance
 u - a potion of ambrosia {unknown}
 z - a potion of degeneration {unknown}
 A - a potion of heal wounds {unknown}


   Skills:
 - Level 2.1 Dodging
 - Level 3.0 Stealth
 + Level 5.8 Spellcasting
 + Level 3.3 Summonings
 - Level 9.1 Ice Magic


You had 7 spell levels left.
You knew the following spells:

 Your Spells              Type           Power        Failure   Level
a - Freeze                Ice            ####         1%          1
b - Frozen Ramparts       Ice            #####.       1%          3
c - Ozocubu's Armour      Ice            #####...     1%          3
d - Summon Ice Beast      Ice/Summ       ####....     9%          4

Your spell library contained the following spells:

 Spells                   Type           Power        Failure   Level
 Hailstorm                Conj/Ice       ###.....     16%         4


Dungeon Overview and Level Annotations

Branches:
Dungeon (7/15)             Temple (0/1) D:6

Altars:
Elyvilon
Hepliaklqana
Kikubaaqudgha
Makhleb
Okawaru
Trog

Shops:
D:5 [

Annotations:
D:3 Grinder


Innate Abilities, Weirdness & Mutations

Your natural rate of healing is unusually fast.
You have razor-sharp teeth.
You have supernaturally acute eyesight. (SInv)
You can survive without breathing.


Message History

The centaur shoots an arrow.
The arrow hits you!
* * * LOW HITPOINT WARNING * * *
The centaur skeleton hits you but does no damage.
The howler monkey zombie hits you but does no damage.
Unknown command.
Unknown command.
The centaur unwields a +0 shortbow.
The centaur misses your ice beast.
Your ice beast hits the centaur skeleton.
Your ice beast freezes the centaur skeleton.
The centaur skeleton resists.
The centaur skeleton is destroyed!
Kikubaaqudgha accepts your kill.
Your ice beast hits the centaur.
Your ice beast freezes the centaur!
The howler monkey zombie hits your ice beast but does no damage.
Unknown command.
Unknown command.
The centaur wields a +0 shortbow.
The centaur shoots an arrow.
The arrow barely misses your ice beast. The arrow hits you!
You die...
Kikubaaqudgha rasps: "You have failed me!
Welcome... death!"

#. ...#.#.#
###.##...#.#.#.#
#........#.#.#.#
###........#.#.#.#
....._.....#.#.#.# #
...........#.#.#.######.#
...............#.#.......
...#...†##....##.#.......
........<.......@#.......
..#...........###Y.......
. #.#..........##.ZY.....
#.#+#(.......##........
#....[.....####..Y.....
#..<......>......c.....
#.........#####........
#..........# #...#####
#..........# #####


You could see a centaur, a howler monkey zombie and 3 friendly ice beasts.

Vanquished Creatures
  Sigmund (D:2)
  A sky beast (D:5)
  A necrophage (D:5)
  An ogre (D:5)
  A centaur (D:6)
  2 bullfrogs
  A scorpion (D:6)
  3 wights (D:6)
  A vampire bat (D:6)
  A bullfrog zombie (D:6)
  A hound (D:5)
  An orc priest (D:4)
  4 orc wizards
  An iguana (D:7)
  Terence (D:2)
  5 worker ants
  6 adders
  7 gnolls
  A shadow imp (D:5)
  A white imp (D:5)
  An ufetubus (D:5)
  An ooze (D:4)
  An adder skeleton (D:4)
  2 worms
  5 dart slugs
  3 leopard geckos
  21 orcs
  2 ball pythons
  2 bat skeletons (D:6)
  3 bat zombies (D:6)
  2 giant cockroaches
  6 goblins
  3 hobgoblins (D:1)
  7 jackals (D:1)
  4 quokkas
  3 bats
  2 frilled lizards (D:4)
  5 kobolds
  2 leopard gecko skeletons
  A quokka zombie (D:5)
  5 rats (D:2)
122 creatures vanquished.

Vanquished Creatures (collateral kills)
  A phantom (D:6)
  A centaur skeleton (D:7)
  A white imp (D:6)
3 creatures vanquished.

Grand Total: 125 creatures vanquished

Notes
Turn   | Place    | Note
-------+----------+-------------------------------------------
     0 | D:1      | lunkers the Vampire Ice Elementalist began the quest for
                  | the Orb.
     0 | D:1      | Reached XP level 1. HP: 13/13 MP: 3/3
   269 | D:1      | Reached XP level 2. HP: 12/19 MP: 0/5
  1027 | D:2      | Reached XP level 3. HP: 8/24 MP: 2/6
  1162 | D:2      | Noticed Sigmund
  1177 | D:2      | Killed Sigmund
  1178 | D:2      | Reached skill level 6 in Ice Magic
  1178 | D:2      | Reached XP level 4. HP: 5/30 MP: 0/9
  1178 | D:2      | Reached XP level 5. HP: 6/35 MP: 0/10
  1306 | D:2      | Noticed Terence
  1313 | D:2      | Killed Terence
  1421 | D:2      | You fall into a shaft and drop 1 floor!
  1458 | D:3      | Learned a level 3 spell: Frozen Ramparts
  1462 | D:3      | Learned a level 3 spell: Ozocubu's Armour
  1467 | D:3      | Learned a level 4 spell: Summon Ice Beast
  1512 | D:3      | Reached XP level 6. HP: 40/41 MP: 7/11
  2130 | D:3      | Noticed Grinder
  2804 | D:4      | Reached skill level 7 in Ice Magic
  3048 | D:4      | Found a bloodstained altar of Trog.
  3131 | D:4      | Reached XP level 7. HP: 38/46 MP: 8/13
  3321 | D:5      | Entered Level 5 of the Dungeon
  3561 | D:5      | Reached skill level 8 in Ice Magic
  3610 | D:5      | Found an iron altar of Okawaru.
  3610 | D:5      | Found a hazy altar of Hepliaklqana.
  3626 | D:5      | Found a burning altar of Makhleb.
  3747 | D:5      | Reached skill level 5 in Spellcasting
  3747 | D:5      | Reached skill level 1 in Summonings
  3875 | D:5      | Found Ugrut's Antique Armour Shop.
  3882 | D:5      | Bought an ominously black robe for 153 gold pieces
  3892 | D:5      | Identified the cursed +1 robe "Bees" {rPois MR+} (You
                  | bought it in a shop on level 5 of the Dungeon)
  4203 | D:6      | Reached XP level 8. HP: 51/51 MP: 11/15
  4413 | D:6      | Reached skill level 9 in Ice Magic
  4478 | D:6      | Found a white marble altar of Elyvilon.
  4663 | D:6      | Found an ancient bone altar of Kikubaaqudgha.
  4679 | D:6      | Became a worshipper of Kikubaaqudgha
  5293 | D:6      | Found a staircase to the Ecumenical Temple.
  5362 | D:7      | Found a white marble altar of Elyvilon.
  5383 | D:7      | Got a shimmering mace
  5488 | D:7      | Shot with an arrow by a centaur

Illustrated notes

Levels and vault maps discovered:
D:1:      minmay_arrival_checkered_box, layout_loops_cross
D:2:      layout_loops_corners, uniq_sigmund, uniq_terence
D:3:      layout_loops_ring, fedhas_altar_fruit_tree, uniq_grinder
D:4:      layout_cave_pools, trog_butcher_becter
D:5:      layout_rooms, gammafunk_temple_overflow_claw, serial_shops,
          nicolae_shop_behind_doors, serial_bayou_pond_d
D:6:      layout_loops_ring, kennysheep_vampire_church, kennysheep_mini_moat,
          minmay_temple_entry_statues_fountains
D:7:      layout_basic, basic_altar, makhleb_blood_cavern_becter

Skill      XL: |  1  2  3  4  5  6  7  8 |
---------------+-------------------------+-----
Spellcasting   | 3 4 5 |  5.8
Ice Magic      | 6 7 8 9 |  9.1
Summonings     | 1 3 |  3.3
Dodging        | |  2.1
Stealth        | |  3.0

Action                   |  1- 3 |  4- 6 |  7- 9 || total
-------------------------+-------+-------+-------++-------
Melee: Unarmed           |    11 |       |       ||    11
       Hand axe          |     3 |    16 |    75 ||    94
       Bite              |     1 |     1 |    14 ||    16
 Cast: Freeze            |    45 |    67 |    29 ||   141
       Frozen Ramparts   |       |     5 |    16 ||    21
       Ozocubu's Armour  |       |       |     2 ||     2
       Summon Ice Beast  |       |       |    11 ||    11
Evoke: Wand              |       |       |     5 ||     5
  Use: Scroll            |       |     5 |    12 ||    17
 Stab: Paralysed         |       |       |     8 ||     8
Armor: Robe              |    12 |    10 |    63 ||    85
Dodge: Dodged            |    39 |    43 |   127 ||   209

Table legend: (Time is in decaauts)
 A = Elapsed time spent in this place.
 B = Non-inter-level travel time spent in this place.
 C = Inter-level travel time spent in this place.
 D = Time resting spent in this place.
 E = Time spent auto-exploring this place.
 F = Levels seen in this place.
 G = Mean time per level.
                   A        B        C        D        E       F      G
               +--------+--------+--------+--------+--------+-----+--------+
         Total |   5518 |   5383 |    135 |    212 |   3940 |   7 |  788.3 |
       Dungeon |   5518 |   5383 |    135 |    212 |   3940 |   7 |  788.3 |
               +--------+--------+--------+--------+--------+-----+--------+

Top non-repeatable levels by time:
     D:2: 1203 daAuts
     D:6: 1113 daAuts
     D:5: 922 daAuts
     D:1: 910 daAuts
     D:4: 867 daAuts
     D:3: 374 daAuts
     D:7: 127 daAuts
